 Dungeon Crawl Stone Soup version 0.31-a0-986-g5e6e4ef867 (webtiles) character file.

Game seed: 17239635001819245043

71 Dordric the Changeling (level 4, -2/21 HPs)
             Began as an Octopode Shapeshifter on Nov 24, 2023.
             Engulfed by a steam dragon's steam (9 damage)
             ... on level 4 of the Dungeon.
             The game lasted 00:03:27 (2052 turns).

Dordric the Changeling (Octopode Shapeshifter)      Turns: 2052, Time: 00:03:28

Health: -2/21      AC:  1    Str: 15    XL:     4   Next: 24%
Magic:  4/4        EV: 13    Int: 12    God:
Gold:   190        SH:  0    Dex: 11    Spells: 3/3 levels left

rFire   . .          .
                       - Unarmed
rCold   . . .        (shield currently unavailable)
rNeg    . . .        (helmet restricted)
rPois   .            (no amulet)
rElec   .            (no ring)
rCorr   .            (no ring)
SInv    .            (no ring)
Will    .....        (no ring)
Stlth   +            (no ring)
HPRegen 0.23/turn    (no ring)
MPRegen 0.09/turn    (no ring)
                     (no ring)

%: no passive effects
@: flux-form, glowing
A: glow, contaminating, reduced hp, almost no armour, amphibious, 8 rings,
camouflage 1, gelatinous body 1, (nimble swimmer 1), tentacles
a: Begin Untransformation


You were on level 4 of the Dungeon.
You were something dangerously unstable.
You visited 1 branch of the dungeon, and saw 4 of its levels.

You collected 190 gold pieces.

Inventory:

Missiles
 v - a throwing net
Talismans
 b - a beast talisman
 c - a flux talisman (active)
Scrolls
 d - 2 scrolls of immolation {unknown}
 h - a scroll of silence {unknown}
 j - a scroll of enchant weapon {unknown}
 k - 3 scrolls of identify {unknown}
 l - 2 scrolls of fog {unknown}
 n - a scroll of poison {unknown}
 o - a scroll of vulnerability {unknown}
 r - a scroll of teleportation {unknown}
 s - a scroll of torment {unknown}
 t - a scroll of enchant armour {unknown}
 u - a scroll of fear {unknown}
Potions
 a - 3 potions of lignification
 e - a potion of resistance {unknown}
 f - a potion of brilliance {unknown}
 g - a potion of curing {unknown}
 i - a potion of mutation {unknown}
 m - a potion of heal wounds {unknown}
 p - 2 potions of might {unknown}
 q - a potion of enlightenment {unknown}


   Skills:
 - Level 1.0 Fighting
 - Level 2.0 Dodging
 - Level 3.0 Unarmed Combat
 + Level 4.7 Shapeshifting


You had 3 spell levels left.
You didn't know any spells.
Your spell library contained the following spells:

 Spells                   Type           Power      Damage    Failure   Level
 Cigotuvi's Dreadful Rot  Necr/Pois/Air  0%         N/A       45%         2
 Static Discharge         Conj/Air       0%         3-3/arc   45%         2
 Ignite Poison            Fire/Tmut/Pois 0%         N/A       69%         3
 Airstrike                Air            0%         2d(0-16)  97%         4
 Sticky Flame             Conj/Fire      0%         2d3       97%         4
 Summon Lightning Spire   Summ/Air       0%         N/A       97%         4
 Freezing Cloud           Conj/Ice/Air   0%         6-21      100%        5
 Ignition                 Fire           0%         3d3       100%        8


Dungeon Overview and Level Annotations

Branches:
Dungeon (4/15)
 Temple: D:4-7

Altars:
Xom
Yredelemnul

Shops:
D:3 :


Innate Abilities, Weirdness & Mutations

You are something dangerously unstable.
You glow with magical radiation, making you easy to see and hit.
Foes you strike become dangerously contaminated with magical radiation.
Your maximum health is decreased, since you lack skill for your form.
You are incapable of wielding weapons or throwing items.
You cannot wear most types of armour.
You are amphibious.
You can wear up to eight rings at the same time.
Your skin changes colour to match your surroundings (Stealth+).
Your rubbery body absorbs attacks. (AC +1, EV +1)
((You are camouflaged when in or above water. (Stealth+)))
You have tentacles for arms and can constrict up to eight enemies at once.


Message History

You kill the bat!
No target in view!
No target in view!
No target in view!
No target in view!
No target in view!
No target in view!
No target in view!
Done exploring.
Done exploring.
Done exploring.
Done exploring.
No target in view!
You begin transforming.
You continue transforming. x3
Your transformation has ended.
You turn into something dangerously unstable.
Done exploring.
Done exploring.
Done exploring.
Done exploring.
No target in view!
You open the door.
There is an open door here.
There is a stone staircase leading down here.
You climb downwards.
The gnoll shouts!
You hear a shout!
Found a scroll labelled TOINEY NISO.
Found a stone staircase leading up.
There is a stone staircase leading up here.
There are monsters nearby!
There are monsters nearby!
There are monsters nearby!
There are monsters nearby!
The gnoll shouts!
The steam dragon hisses angrily.
A gnoll comes into view. It is wielding a +0 halberd.
A scorpion comes into view.
The steam dragon breathes steam at you. The ball of steam hits you!
Ouch! That really hurt!
You are engulfed in a cloud of scalding steam.
You die...

. #######..
#.§..<..#
#§.......
######§.......
#.....p.g.g...
...####§....gs.
#§###.#.# #D# #
#.# ..# ... ...


You could see a scorpion and 3 gnolls.

Vanquished Creatures
  2 adders (D:3)
  2 dart slugs
  2 orcs (D:3)
  4 ball pythons
  5 bats
  4 endoplasms
  A giant cockroach (D:1)
  11 goblins
  2 hobgoblins (D:1)
  2 quokkas
  2 kobolds
  6 rats
43 creatures vanquished.

Notes
Turn   | Place    | Note
-------+----------+-------------------------------------------
     0 | D:1      | Dordric the Octopode Shapeshifter began the quest for the
                  | Orb.
     0 | D:1      | Reached XP level 1. HP: 13/13 MP: 1/1
   173 | D:1      | Reached XP level 2. HP: 18/18 MP: 2/2
   430 | D:1      | Reached XP level 3. HP: 16/23 MP: 3/3
   487 | D:1      | Reached skill level 4 in Shapeshifting
   744 | D:2      | Identified the +7 short sword of Reinforcement {spect,
                  | Fragile MP+9 Dex+5 Stlth-}
  1304 | D:2      | Found a shimmering altar of Xom.
  1457 | D:3      | Found a faded altar of an unknown god.
  1666 | D:3      | Found a basalt altar of Yredelemnul.
  1767 | D:3      | Reached XP level 4. HP: 28/28 MP: 4/4
  1771 | D:3      | Found Opeew's Book Shoppe.
  2047 | D:4      | Noticed a steam dragon
  2050 | D:4      | Noticed a scorpion
  2052 | D:4      | Engulfed by a steam dragon's steam

Illustrated notes

Levels and vault maps discovered:
D:1:      lightli_arrival_windingriver, layout_basic, serial_bayou_ford_a,
          minmay_misc_feat_ornament
D:2:      layout_loops_ring, basic_altar
D:3:      layout_basic, yredelemnul_altar_generic, serial_shops, shop,
          shapermc_ecumenical_altar_starsandcircs
D:4:      layout_basic, grunt_temple_overflow_forces_of_nature, kennysheep_mini,
          minmay_temple_entry_poolview, serial_shops, shop,
          kennysheep_generic_room_6

Skill      XL: |  1  2  3 |
---------------+----------+-----
Shapeshifting  | 4 |  4.7
Fighting       | |  1.0
Dodging        | |  2.0
Unarmed Combat | |  3.0

Action                     |  1- 3 |  4- 6 || total
---------------------------+-------+-------++-------
  Melee: Unarmed           |    69 |    10 ||    79
         Constrict         |    19 |     3 ||    22
         Tentacles         |    11 |     3 ||    14
         Punch             |     3 |       ||     3
   Stab: Sleeping          |     6 |     2 ||     8
 Armour: Skin              |    24 |     8 ||    32
  Dodge: Dodged            |    33 |     5 ||    38
   Form: Flux              |       |     1 ||     1

Table legend: (Time is in decaauts)
 A = Elapsed time spent in this place.
 B = Non-inter-level travel time spent in this place.
 C = Inter-level travel time spent in this place.
 D = Time resting spent in this place.
 E = Time spent auto-exploring this place.
 F = Levels seen in this place.
 G = Mean time per level.
                   A        B        C        D        E       F      G
               +--------+--------+--------+--------+--------+-----+--------+
         Total |   2046 |   1978 |     68 |      0 |   1680 |   4 |  511.5 |
       Dungeon |   2046 |   1978 |     68 |      0 |   1680 |   4 |  511.5 |
               +--------+--------+--------+--------+--------+-----+--------+

Top non-repeatable levels by time:
     D:1: 728 daAuts
     D:2: 679 daAuts
     D:3: 633 daAuts
     D:4: 4 daAuts
